 Dungeon Crawl Stone Soup version 0.26-a0-712-ga5a9c9c9d0 (webtiles) character file.

Game seed: 9176987453571450041

137 Azzok the Chopper (level 5, 41/41 HPs)
             Began as a Demonspawn Berserker on Nov 9, 2020.
             Was a Priest of Trog.
             Quit the game on level 3 of the Dungeon.
             The game lasted 00:02:46 (2451 turns).

Azzok the Chopper (Demonspawn Berserker)            Turns: 2451, Time: 00:02:46

Health: 41/41      AC: 13    Str: 24    XL:     5   Next: 0%
Magic:  5/5        EV:  7    Int:  9    God:    Trog [***...]
Gold:   126        SH:  0    Dex: 12    Spells: 4/4 levels left

rFire    . . .     SeeInvis .   a - +0 hand axe
rCold    . . .     Faith    .   (no shield)
rNeg     . . .     Spirit   .   d - +0 plate armour
rPois    .         Reflect  .   (no helmet)
rElec    .         Harm     .   (no cloak)
rCorr    .         Rampage  .   (no gloves)
MR       .....                  (no boots)
Stlth    ..........             (no amulet)
HPRegen  0.13/turn              i - +6 ring of strength
MPRegen  0.09/turn              (no ring)

@: no status effects
A: molten scales 2, spiny 1, rot immunity
a: Berserk, Trog's Hand, Renounce Religion


You were on level 3 of the Dungeon.
You worshipped Trog.
Trog was most pleased with you.
You visited 1 branch of the dungeon, and saw 3 of its levels.

You collected 126 gold pieces.

Inventory:

Hand Weapons
 a - a +0 hand axe (weapon)
Armour
 b - a +0 animal skin
 d - a +0 plate armour (worn)
Jewellery
 i - a +6 ring of strength (left hand)
Scrolls
 c - 3 scrolls of identify {unknown}
 e - 2 scrolls of remove curse {unknown}
 f - a scroll of amnesia {unknown}
 j - a scroll of fear {unknown}
 k - a scroll of enchant weapon {unknown}
 l - a scroll of teleportation {unknown}
Potions
 g - a potion of heal wounds {unknown}
 h - 2 potions of brilliance {unknown}
 m - a potion of stabbing {unknown}
 n - a potion of invisibility {unknown}
 o - a potion of mutation {unknown}


   Skills:
 - Level 3.0 Fighting
 + Level 5.2 Axes
 - Level 1.7 Armour
 - Level 1.7 Dodging


You had 4 spell levels left.
You didn't know any spells.
Your spell library was empty.

Dungeon Overview and Level Annotations

Branches:
Dungeon (3/15)

Altars:
Yredelemnul

Annotations:
D:2 1 runed translucent door


Innate Abilities, Weirdness & Mutations

You are mostly covered in molten scales. (AC +3)
You are partially covered in sharp spines.
You are immune to rotting.


Message History

You kill the bat!
Trog accepts your kill.
A goblin comes into view. It is wielding a +0 club.
The goblin shouts!
The goblin unwields a +0 club.
The goblin wields a +0 hunting sling.
The goblin shoots a stone.
The stone hits you but does no damage.
Found 9 gold pieces.
You see here a bat corpse.
A leopard gecko comes into view.
You slash the hobgoblin!
You kill the hobgoblin!
Trog accepts your kill.
You hit the goblin.
You kill the goblin!
Trog accepts your kill.
You have reached level 5!
Your demonic ancestry asserts itself...
You feel immune to rotting.
The goblin shoots a stone.
The stone hits you but does no damage.
Are you sure you want to abandon this character and quit the game? (Confirm with "yes".)

╬·······▒
▒·······▒ ▒▒$·
▒·······▒▒▒ ····
▒·········╬·····
▒·······▒▒▒·····
▒······▒▒·······
▒▒▒▒'▒▒▒▒·······
▒···†········
▒▒▒▒▒@)···l··
▒·)······
▒········
·········
·········
··········
··g·······
······▒▒▒▒▒


You could see a leopard gecko and a goblin.

Vanquished Creatures
  2 human skeletons (D:2)
  An adder (D:2)
  2 worms (D:2)
  2 dart slugs (D:1)
  An orc (D:3)
  2 giant cockroaches (D:1)
  8 goblins
  4 hobgoblins
  11 jackals
  9 kobolds
  2 ball pythons (D:1)
  9 bats
  4 frilled lizards
  A kobold skeleton (D:2)
  6 rats
64 creatures vanquished.

Notes
Turn   | Place    | Note
-------+----------+-------------------------------------------
     0 | D:1      | Azzok the Demonspawn Berserker began the quest for the Orb.
     0 | D:1      | Reached XP level 1. HP: 18/18 MP: 1/1
   279 | D:1      | Reached skill level 3 in Axes
   296 | D:1      | Gained mutation: You are partially covered in molten
                  | scales. (AC +2) [demonic ancestry]
   296 | D:1      | Reached XP level 2. HP: 6/24 MP: 2/2
  1121 | D:1      | Reached ** piety under Trog
  1124 | D:1      | Gained mutation: You are mostly covered in molten scales.
                  | (AC +3) [demonic ancestry]
  1124 | D:1      | Reached XP level 3. HP: 29/29 MP: 3/3
  1463 | D:1      | Reached skill level 4 in Axes
  1995 | D:2      | Gained mutation: You are partially covered in sharp spines.
                  | [demonic ancestry]
  1995 | D:2      | Reached XP level 4. HP: 34/35 MP: 4/4
  2094 | D:2      | Found a runed translucent door.
  2094 | D:2      | Noticed a human
  2098 | D:2      | Found a basalt altar of Yredelemnul.
  2115 | D:2      | Reached skill level 5 in Axes
  2288 | D:2      | Reached *** piety under Trog
  2450 | D:3      | Gained mutation: You are immune to rotting. [demonic
                  | ancestry]
  2450 | D:3      | Reached XP level 5. HP: 41/41 MP: 5/5
  2451 | D:3      | Quit the game

Illustrated notes

Levels and vault maps discovered:
D:1:      dpeg_arrival_shrine, layout_basic, minmay_misc_feat_rugged
D:2:      layout_rooms, dk_yredelemnul_ordeal
D:3:      layout_basic, uniq_jessica

Skill      XL: |  1  2  3  4 |
---------------+-------------+-----
Axes           | 3 4 5 |  5.2
Fighting       | |  3.0
Armour         | |  1.7
Dodging        | |  1.7

Action                   |  1- 3 |  4- 6 || total
-------------------------+-------+-------++-------
Melee: Hand axe          |   126 |    39 ||   165
Invok: Berserk           |     1 |       ||     1
Armor: Animal skin       |    10 |       ||    10
       Plate armour      |    98 |    18 ||   116
Dodge: Dodged            |    74 |    13 ||    87

Table legend: (Time is in decaauts)
 A = Elapsed time spent in this place.
 B = Non-inter-level travel time spent in this place.
 C = Inter-level travel time spent in this place.
 D = Time resting spent in this place.
 E = Time spent auto-exploring this place.
 F = Levels seen in this place.
 G = Mean time per level.
                   A        B        C        D        E       F      G
               +--------+--------+--------+--------+--------+-----+--------+
         Total |   2475 |   2392 |     83 |    346 |   1672 |   3 |  825.0 |
       Dungeon |   2475 |   2392 |     83 |    346 |   1672 |   3 |  825.0 |
               +--------+--------+--------+--------+--------+-----+--------+

Top non-repeatable levels by time:
     D:1: 1864 daAuts
     D:2: 558 daAuts
     D:3: 51 daAuts
